 Dungeon Crawl Stone Soup version 0.29.1-2-gbd0b4ee654 (webtiles) character file.

Game seed: 911991299214518526

5316 sanboga the Cleaver (level 10, 0/120 HPs)
             Began as a Demonspawn Berserker on Nov 27, 2022.
             Was a High Priest of Trog.
             Succumbed to Erica's bolt of poison
             ... on level 8 of the Dungeon on Nov 28, 2022.
             The game lasted 00:14:05 (9164 turns).

sanboga the Cleaver (Demonspawn Berserker)          Turns: 9164, Time: 00:14:06

Health: 0/120      AC: 17    Str: 22    XL:     10   Next: 37%
Magic:  19/19      EV:  8    Int:  9    God:    Trog [*****.]
Gold:   589        SH:  6    Dex: 12    Spells: 9/9 levels left

rFire   + . .      SeeInvis .   z - +0 battleaxe
rCold   . . .      Faith    .   (shield currently unavailable)
rNeg    . . .      Spirit   .   w - +0 plate armour
rPois   .          Reflect  .   t - +1 helmet
rElec   .          Harm     .   (no cloak)
rCorr   .          Rampage  .   (no gloves)
Will    .....                   r - +1 pair of boots {Fly}
Stlth   ..........              q - amulet of magic regeneration
HPRegen 0.30/turn               m - ring of magical power
MPRegen 0.56/turn               u - ring of protection from fire

@: berserking (expiring), lethally poisoned (0 -> -17), flying, invisible, very
quick
A: claws 2, large bone plates 2, icemail 1, condensation shield
a: Renounce Religion, Berserk, Trog's Hand, Brothers in Arms


You were on level 8 of the Dungeon.
You worshipped Trog.
Trog was extremely pleased with you.
You visited 1 branch of the dungeon, and saw 8 of its levels.
You also visited: Sewer and Ossuary.

You collected 589 gold pieces.

Inventory:

Hand Weapons
 o - a +2 vampiric hand axe
 z - a +0 battleaxe (weapon)
Armour
 r - a +1 pair of boots of flying (worn)
 t - a +1 helmet (worn)
 w - a +0 plate armour (worn)
Jewellery
 m - a ring of magical power (left claw)
 q - an amulet of magic regeneration (around neck)
 s - a ring of see invisible
 u - a ring of protection from fire (right claw)
Wands
 l - a wand of charming (29)
 v - a wand of iceblast (16)
 y - a wand of digging (7)
Scrolls
 e - a scroll of magic mapping
 f - 5 scrolls of teleportation
Potions
 a - a potion of heal wounds
 b - 4 potions of mutation
 d - a potion of attraction {unknown}
 g - 2 potions of curing
 h - 2 potions of ambrosia
 i - 3 potions of might {unknown}
 k - a potion of resistance {unknown}
 n - a potion of haste
 p - a potion of cancellation
 x - a potion of magic {unknown}


   Skills:
 + Level 7.6 Fighting
 * Level 9.4 Axes
 + Level 6.5 Armour
 + Level 6.5 Dodging


You had 9 spell levels left.
You didn't know any spells.
Your spell library was empty.

Dungeon Overview and Level Annotations

Branches:
Dungeon (8/15)             Temple (0/1) D:7           Sewer (visited)
Ossuary (visited)
   Lair: D:8-11

Altars:
Cheibriados
Dithmenos
Fedhas
Gozag
Kikubaaqudgha
Nemelex Xobeh
Okawaru
Sif Muna
Trog
Vehumet
Xom
Yredelemnul

Shops:
D:6 [

Annotations:
D:8 Erica


Innate Abilities, Weirdness & Mutations

You have very sharp fingernails.
You are mostly covered in large bone plates. (SH +6)
A meltable icy envelope protects you from harm. (AC +0)
A meltable shield of frost defends you. (SH +0)


Message History

You feel yourself moving faster!
You feel mighty!
You feel sick.
Erica gestures wildly while chanting.
Erica flickers and vanishes!
Deactivating autopickup; reactivate with Ctrl-A.
You miss something. Something hits you but does no damage.
You slice something!!
You feel sick. Something hits you! Something burns you.
You closely miss something.
You feel sick. Something hits you. Something burns you.
You miss something.
You feel sick.
You miss something. Something hits you.
You barely miss something.
You feel sick.
You are no longer poisoned.
Something hits you.
* * * LOW HITPOINT WARNING * * *
You barely miss something. Something hits you!
* * * LOW HITPOINT WARNING * * *
Something burns you.
* * * LOW HITPOINT WARNING * * *
You slice something!! Something hits you but does no damage.
You barely miss something. You closely miss something.
You block something's attack.
You barely miss something.
You hear some strange, mumbled words.
A bolt of poison appears from out of thin air!
The bolt of poison hits you!
You are poisoned.
* * * LOW HITPOINT WARNING * * *
You barely miss something.
* * * LOW HITPOINT WARNING * * *
You feel very sick. Something hits you but does no damage.
You closely miss something.
* * * LOW HITPOINT WARNING * * *
You feel sick.
You hear some strange, mumbled words.
A bolt of poison appears from out of thin air!
The bolt of poison hits you but does no damage.
You are more poisoned.
You closely miss something.
You die...

.#))# #...
.#..#######
.#......#
.#.####.# .#.#
#.# .#.# #.###
.#.# #..># .#.#
###.###########.#
...#
#.......@{....#
.#.#
###############
####


There were no monsters in sight!

Vanquished Creatures
  A deep elf pyromancer (D:7)
  Grinder (D:6)
  A wraith (D:7)
  Grum (D:8)
  3 steam dragons
  2 water moccasins (D:6)
  3 orc warriors
  2 sky beasts
  An ice beast (D:6)
  A black bear (D:7)
  2 centaurs
  4 ogres
  4 wolves (D:8)
  A phantom (D:5)
  An elf zombie (Ossuary)
  A kobold brigand (D:5)
  2 bullfrogs
  2 gnoll sergeants
  A water moccasin zombie (D:5)
  4 wights (D:8)
  9 killer bees (D:8)
  A howler monkey (D:6)
  A bullfrog zombie (D:5)
  2 hounds
  11 orc priests
  A jelly (D:7)
  3 human zombies (Ossuary)
  An iguana (D:7)
  7 orc wizards
  A merfolk siren (Sewer)
  A merfolk avatar (Sewer)
  2 mummies (Ossuary)
  2 howler monkey zombies (D:5)
  6 gnolls
  9 adders
  7 river rats
  3 shadow imps
  7 white imps
  2 ufetubi
  3 adder zombies
  2 worms
  A dart slug (D:2)
  30 orcs
  5 endoplasms
  3 giant cockroaches
  5 goblins
  4 hobgoblins
  5 quokkas
  9 ball pythons
  6 bats
  10 frilled lizards
  2 goblin zombies (Ossuary)
  9 hobgoblin zombies (Ossuary)
  A jackal zombie (Ossuary)
  9 kobolds
  7 kobold zombies (Ossuary)
  9 orc zombies (Ossuary)
  23 rats
  3 rat zombies (Ossuary)
260 creatures vanquished.

Notes
Turn   | Place    | Note
-------+----------+-------------------------------------------
     0 | D:1      | sanboga the Demonspawn Berserker began the quest for the
                  | Orb.
     0 | D:1      | Reached XP level 1. HP: 18/18 MP: 1/1
   243 | D:1      | Reached skill level 3 in Axes
   243 | D:1      | Gained mutation: A meltable shield of frost defends you.
                  | (SH +0) [demonic ancestry]
   243 | D:1      | Reached XP level 2. HP: 20/24 MP: 2/2
   889 | D:1      | Found a faded altar of an unknown god.
  1030 | D:2      | Gained mutation: You are partially covered in large bone
                  | plates. (SH +4) [demonic ancestry]
  1030 | D:2      | Reached XP level 3. HP: 29/29 MP: 3/3
  1298 | D:2      | Reached ** piety under Trog
  1393 | D:3      | Reached XP level 4. HP: 31/35 MP: 4/4
  1399 | D:3      | Found a glowing drain.
  1403 | Sewer    | Entered a sewer
  1669 | Sewer    | HP: 1/36 [sickly merfolk siren/+0 trident (20)]
  2017 | Sewer    | Reached skill level 4 in Axes
  2017 | Sewer    | Gained mutation: You have sharp fingernails. [demonic
                  | ancestry]
  2017 | Sewer    | Reached XP level 5. HP: 33/42 MP: 5/5
  2096 | Sewer    | Reached *** piety under Trog
  2739 | D:3      | Found a radiant altar of Vehumet.
  2815 | D:3      | Found a bloodstained altar of Trog.
  2844 | D:3      | Found an opulent altar of Gozag.
  3492 | D:4      | Noticed an ogre
  3506 | D:3      | Gained mutation: A meltable icy envelope protects you from
                  | harm. (AC +0) [demonic ancestry]
  3506 | D:3      | Reached XP level 6. HP: 41/48 MP: 6/6
  3723 | D:4      | Found a snail-covered altar of Cheibriados.
  3861 | D:4      | Found a blossoming altar of Fedhas.
  4098 | D:4      | Found an ancient bone altar of Kikubaaqudgha.
  4174 | D:4      | Found a sparkling altar of Nemelex Xobeh.
  4187 | D:5      | Entered Level 5 of the Dungeon
  4238 | D:5      | Reached skill level 5 in Axes
  4238 | D:5      | Gained mutation: You are mostly covered in large bone
                  | plates. (SH +6) [demonic ancestry]
  4238 | D:5      | Reached XP level 7. HP: 27/55 MP: 7/7
  4301 | D:5      | Reached **** piety under Trog
  4458 | D:5      | Found a sand-covered staircase.
  4469 | Ossuary  | Entered an ossuary
  4717 | Ossuary  | Reached skill level 5 in Fighting
  4890 | D:5      | Found a basalt altar of Yredelemnul.
  4915 | D:5      | Reached skill level 6 in Axes
  4915 | D:5      | Reached XP level 8. HP: 60/62 MP: 8/8
  4933 | D:5      | Found a shimmering altar of Xom.
  4938 | D:5      | Noticed an angel
  5337 | D:6      | Found Jizugy's Antique Armour Boutique.
  5509 | D:6      | Reached ***** piety under Trog
  5556 | D:6      | Found a shadowy altar of Dithmenos.
  5979 | D:6      | Noticed Grinder
  5983 | D:6      | Paralysed by Grinder for 3 turns
  6010 | D:6      | Paralysed by Grinder for 5 turns
  6017 | D:6      | Killed Grinder
  6018 | D:6      | Reached skill level 7 in Axes
  6202 | D:6      | Reached skill level 5 in Armour
  6202 | D:6      | Reached skill level 5 in Dodging
  6245 | D:6      | Reached XP level 9. HP: 67/69 MP: 9/9
  6944 | D:7      | Found a staircase to the Ecumenical Temple.
  7016 | D:7      | Found an iron altar of Okawaru.
  7150 | D:7      | Identified the +5 spear of Honour {vorpal, Will+ Dex+3}
  7238 | D:7      | Reached skill level 8 in Axes
  7293 | D:7      | Noticed a deep elf pyromancer
  7307 | D:7      | Killed a deep elf pyromancer
  7330 | D:7      | Identified the +1 falchion "Sousahuc" {spect, rElec rF-
                  | rC++ Dex+2}
  7772 | D:7      | Found a shimmering blue altar of Sif Muna.
  7791 | D:7      | Gained mutation: You have very sharp fingernails. [demonic
                  | ancestry]
  7791 | D:7      | Reached XP level 10. HP: 79/79 MP: 10/10
  7988 | D:8      | Reached skill level 9 in Axes
  8036 | D:8      | Noticed Grum
  8055 | D:8      | Killed Grum
  9141 | D:8      | Noticed Erica
  9162 | D:8      | HP: 5/120 [poisoned by Erica (bolt of poison)]
  9164 | D:8      | Succumbed to Erica's bolt of poison

Illustrated notes

Levels and vault maps discovered:
D:1:      dreamdust_arrival_sigmund_warning, layout_rooms,
          hellmonk_ecumenical_altar_inner_sanctum
D:2:      layout_basic, lightli_corner_chamber
D:3:      layout_basic, grunt_gozag_breadcrumbs, lemuel_tele_altar,
          mainiacjoe_overflow_tiny_flanked, gup_sewer_entry_bowl
D:4:      layout_rooms, mainiacjoe_overflow_alcove_2, kennysheep_mini,
          kennysheep_mini_moat, cheibrodos_worm_habitat
D:5:      layout_gridville, grunt_temple_overflow_order_and_chaos_1,
          nicolae_yredelemnul_corpse_copse, enter_ossuary_1, corner_web_ring,
          kennysheep_decorative_pillar
D:6:      layout_gridville, nicolae_dithmenos_the_darkroom, serial_shops,
          nicolae_stop_n_shop_2, uniq_grinder
D:7:      layout_cave_pools, nicolae_sif_muna_little_library,
          nicolae_tso_swordbearing_angel, okawaru_gym_becter, temple_fountains,
          grunt_potential
D:8:      layout_basic, grunt_lair_entry_orc_guard_hut, serial_corexii_hall,
          corexii_hall_statues_l, corexii_hall_statues_i, uniq_grum, uniq_erica,
          uniq_maurice

Skill      XL: |  1  2  3  4  5  6  7  8  9 10 |
---------------+-------------------------------+-----
Axes           | 3 4 5 6 7 8 9 |  9.4
Dodging        | 2 3 4 5 6 |  6.5
Armour         | 2 3 4 5 6 |  6.5
Fighting       | 4 5 6 7 |  7.6

Action                   |  1- 3 |  4- 6 |  7- 9 | 10-12 || total
-------------------------+-------+-------+-------+-------++-------
Melee: Hand axe          |    89 |   259 |   462 |    25 ||   835
       Punch             |     3 |     1 |     9 |       ||    13
       Battleaxe         |       |       |    19 |    87 ||   106
Invok: Berserk           |       |     1 |     2 |     3 ||     6
  Use: Scroll            |       |    12 |     4 |       ||    16
       Potion            |       |     2 |     1 |     1 ||     4
 Stab: Sleeping          |     1 |       |       |       ||     1
       Invisible         |       |       |       |     1 ||     1
Armor: Animal skin       |     4 |       |       |       ||     4
       Chain mail        |    17 |    91 |       |       ||   108
       Skin              |       |    27 |     8 |       ||    35
       Plate armour      |       |    11 |   278 |    98 ||   387
Dodge: Dodged            |    39 |    60 |   125 |    63 ||   287
Block: Other             |    25 |   117 |   171 |    99 ||   412
